 Dungeon Crawl Stone Soup version 0.25-a0-265-g7af84ae0ac (webtiles) character file.

Game seed: 9852662714934927298, levelgen mode: deterministic

58 night the Firebug (level 3, -4/24 HPs)
             Began as a Demonspawn Fire Elementalist on Dec 8, 2019.
             Killed from afar by Sigmund (8 damage)
             ... with a puff of flame
             ... on level 2 of the Dungeon.
             The game lasted 00:04:09 (1516 turns).

night the Firebug (Demonspawn Fire Elementalist)    Turns: 1516, Time: 00:04:10

Health: -4/24      AC:  5    Str:  8    XL:     3   Next: 76%
Magic:  0/7        EV: 12    Int: 17    God:
Gold:   67         SH:  0    Dex: 13    Spells: 6/7 levels left

rFire    . . .     SeeInvis .   h - +0 short sword
rCold    . . .     Gourm    .   (no shield)
rNeg     . . .     Faith    .   a - +0 robe
rPois    .         Spirit   +   (no helmet)
rElec    .         Reflect  .   (no cloak)
rCorr    .         Harm     .   n - +2 pair of gloves
MR       .....                  (no boots)
Stlth    +++.......             (no amulet)
HPRegen  0.08/turn              (no ring)
MPRegen  0.10/turn              (no ring)

@: no status effects
A: nightstalker 1, magic shield
a: no special abilities


You were on level 2 of the Dungeon.
You were not hungry.

You visited 1 branch of the dungeon, and saw 2 of its levels.

You collected 67 gold pieces.

Inventory:

Hand Weapons
 h - a +0 short sword (weapon)
Missiles
 k - 4 poisoned darts (quivered)
 m - 32 stones
Armour
 a - a +0 robe (worn)
 n - a +2 pair of gloves (worn)
Jewellery
 i - an uncursed ring of fire {unknown}
Scrolls
 d - a scroll of fog {unknown}
 e - 2 scrolls of identify {unknown}
 j - a scroll of remove curse {unknown}
 l - a scroll of immolation {unknown}
Potions
 b - a potion of berserk rage {unknown}
 g - a potion of mutation {unknown}
Comestibles
 c - 3 rations
 f - a chunk of flesh


   Skills:
 - Level 1.7 Dodging
 - Level 1.7 Stealth
 + Level 2.7 Spellcasting
 + Level 2.1 Conjurations
 + Level 3.3 Fire Magic


You had 6 spell levels left.
You knew the following spells:

 Your Spells              Type           Power        Failure   Level  Hunger
a - Foxfire               Conj/Fire      ##..         6%          1    #......

Your spell library contained the following spells:

 Spells                   Type           Power        Failure   Level  Hunger
 Conjure Flame            Conj/Fire      ##......     17%         3    ###....
 Inner Flame              Hex/Fire       #.......     26%         3    ###....
 Sticky Flame             Conj/Fire      ##......     50%         4    #####..
 Fireball                 Conj/Fire      ##........   85%         5    ######.


Dungeon Overview and Level Annotations

Branches:
Dungeon (2/15)

Altars:
Uskayaw

Annotations:
D:2 Sigmund


Innate Abilities, Weirdness & Mutations

You are slightly more attuned to the shadows.
When hurt, damage is shared between your health and your magic reserves.


Message History

Confirm with . or Enter, or press ? or * to list all spells.
You conjure some foxfire!
The foxfire hits Sigmund.
Sigmund is heavily wounded.
The foxfire hits Sigmund.
Sigmund is heavily wounded.
Sigmund hits you from afar with a +0 scythe.
* * * LOW HITPOINT WARNING * * *
Sigmund casts a spell at you. You resist with significant effort.
Sigmund gestures at you while chanting. You resist with significant effort.
Sigmund says, "Look into my eyes."
Sigmund casts a spell at you. The puff of flame hits you.
* * * LOW HITPOINT WARNING * * *
You see here a +0 club.
Sigmund casts a spell at you. The puff of flame hits you!
You die...

...>........#.......#.รท....#####.
.##...##.##.#.......#....#.#####.
............##.....##............
##..####.##.####.####.##.##.#####
#..#.................##.##..#
#..#.....#.##...#....# .###.##
#.......)..........### # #..#
#.##.....#.##.#.#.## ##.## #.
#...##......@#.# #..# #. #...
#.......####### #####.## #...
#.......#.....#......... #...
#.......#.....########.# #...
#......)#.....#......... #...
#######.#.....#.........
#@#.....#........^
#.....@...........
###.....###.##....


You could see Sigmund.

Vanquished Creatures
  2 adders (D:2)
  2 worms (D:2)
  2 dart slugs (D:2)
  A leopard gecko (D:1)
  3 ball pythons
  A bat (D:1)
  3 goblins (D:1)
  3 hobgoblins
  3 jackals (D:1)
  A quokka (D:2)
  A frilled lizard (D:1)
  4 kobolds
  2 rats
28 creatures vanquished.

Vanquished Creatures (others)
  89 foxfires
89 creatures vanquished.

Grand Total: 117 creatures vanquished

Notes
Turn   | Place    | Note
-------+----------+-------------------------------------------
     0 | D:1      | night the Demonspawn Fire Elementalist began the quest for
                  | the Orb.
     0 | D:1      | Reached XP level 1. HP: 13/13 MP: 3/3
   325 | D:1      | Gained mutation: When hurt, damage is shared between your
                  | health and your magic reserves. [demonic ancestry]
   325 | D:1      | Reached XP level 2. HP: 19/19 MP: 3/5
   401 | D:1      | Reached skill level 3 in Fire Magic
  1009 | D:2      | Gained mutation: You are slightly more attuned to the
                  | shadows. [demonic ancestry]
  1009 | D:2      | Reached XP level 3. HP: 6/24 MP: 0/6
  1282 | D:2      | Found a hide-covered altar of Uskayaw.
  1480 | D:2      | Noticed Sigmund
  1516 | D:2      | Killed from afar by Sigmund

Levels and vault maps discovered:
D:1:      minmay_arrival_four_circles, layout_rooms
D:2:      layout_basic, old_standard_altar, cheibrodos_gnoll_hut, uniq_sigmund

Skill      XL: |  1  2  3 |
---------------+----------+-----
Fire Magic     | 3 |  3.3
Conjurations   | 2 |  2.1
Dodging        | |  1.7
Stealth        | |  1.7
Spellcasting   | |  2.7

Action                   || total
-------------------------++-------
Melee: Short sword       ||     9
 Cast: Foxfire           ||    50
  Eat: Chunk             ||     2
Armor: Robe              ||     9
Dodge: Dodged            ||    21

Table legend:
 A = Non-vault XP
 B = Vault XP
 C = Vault XP percentage of total XP
 D = Non-vault monster count
 E = Vault monster count
 F = Vault count percentage of total count
                 A         B        C        D         E       F
            +---------+---------+-------+---------+---------+-------
      Total |      84 |       0 |   0.0 |      28 |       0 |   0.0
            +---------+---------+-------+---------+---------+-------
        D:1 |      24 |       0 |   0.0 |      13 |       0 |   0.0
        D:2 |      60 |       0 |   0.0 |      15 |       0 |   0.0
            +---------+---------+-------+---------+---------+-------
